 Dungeon Crawl Stone Soup version 0.32-a0-520-g344ed53f66 (webtiles) character file.

Game seed: 960758587946835524

18485 Sabo the Cleaver (level 12, -15/97 HPs)
             Began as a Coglin Fighter on Feb 25, 2024.
             Was a High Priest of Dithmenos.
             Demolished by a thrashing horror (17 damage)
             ... on level 3 of the Abyss on Feb 28, 2024.
             The game lasted 01:23:36 (13533 turns).

Sabo the Cleaver (Coglin Fighter)                  Turns: 13533, Time: 01:23:36

Health: -15/97     AC: 18    Str: 18    XL:     12   Next: 59%
Magic:  0/12       EV:  9    Int:  9    God:    Dithmenos [*****.]
Gold:   729        SH:  0    Dex: 16    Spells: 11/11 levels left

rFire   + . .        a - +5 war axe (drain) {Osbert}
rCold   . . .        O - +3 trident (drain) {Rabi}
rNeg    . . .        i - +0 chain mail {rF+}
rPois   .            A - +1 helmet
rElec   .            (no cloak)
rCorr   .            o - +0 pair of gloves
SInv    .            n - +2 pair of boots
Will    .....        H - amulet of guardian spirit Stlth
                     (ring unavailable)
HPRegen 0.36/turn    (ring unavailable)
MPRegen 0.13/turn

%: guardian spirit
@: wreathed by umbra, revving
A: off-hand wielding, slow wielding, warmup strikes, no rings
a: Renounce Religion, Shadow Step, Shadow Form


You were on level 3 of the Abyss.
You worshipped Dithmenos.
Dithmenos was extremely pleased with you.
You visited 1 branch of the dungeon, and saw 12 of its levels.
You visited the Abyss 1 time.
You also visited: Ossuary.

You collected 994 gold pieces.
You spent 265 gold pieces at shops.

Inventory:

Hand Weapons
 a - a +5 war axe of draining (weapon) {Osbert}
 c - a +4 dagger of venom {Qiuyue}
 x - a +2 vampiric spear {Narong}
 y - a +2 whip of electrocution
 M - a +3 spear of freezing
 O - a +3 trident of draining (offhand) {Rabi}
 T - a +0 arbalest
Missiles
 h - 4 throwing nets (quivered)
 t - 6 atropa-tipped darts
 D - 3 poisoned darts
 P - 4 curare-tipped darts
Armour
 i - a +0 chain mail of fire resistance (worn)
 j - the +1 scale mail "Icoamiff" {+Inv Stlth+}
   (You found it on level 4 of the Dungeon)

   +Inv:      It lets you turn invisible.
   Stlth+:    It makes you more stealthy.
 n - a +2 pair of boots (worn)
 o - a +0 pair of gloves (worn)
 q - a +2 buckler
 A - a +1 helmet (worn)
 S - a +0 chain mail of willpower
Jewellery
 H - an amulet of guardian spirit (around neck)
 U - the amulet "Arykog" {Acrobat Harm Str+3}
   (You found it on level 10 of the Dungeon)

   [amulet of the acrobat]

   Acrobat:   It increases your evasion while moving and waiting.
   Str+3:     It affects your strength (+3).
   Harm:      It increases damage dealt and taken.
Talismans
 I - a maw talisman
Wands
 d - a wand of polymorph (14)
 e - a wand of flame (40)
 z - a wand of roots (5)
 F - a wand of digging (4)
 N - a wand of mindburst (2)
 Q - a wand of light (3)
Scrolls
 l - 4 scrolls of poison
 m - 3 scrolls of fear
 p - 3 scrolls of fog
 s - a scroll of silence
 w - 2 scrolls of teleportation
Potions
 f - a potion of invisibility
 g - 2 potions of haste
 k - a potion of mutation
 r - a potion of berserk rage
 u - a potion of might
 v - 4 potions of curing
 B - a potion of cancellation {unknown}
 C - 2 potions of enlightenment
 J - 2 potions of ambrosia {unknown}


   Skills:
 + Level 9.6 Fighting
 + Level 5.5 Short Blades
 + Level 13.1(13.5) Axes
 + Level 4.5(9.0) Polearms
 + Level 8.9 Armour
 + Level 3.4 Dodging
 + Level 0.6 Stealth
 + Level 2.4 Shields


You had 11 spell levels left.
You didn't know any spells.
Your spell library contained the following spells:

 Spells                   Type           Power      Damage    Failure   Level
 Sandblast                Erth           0%         2d4       95%         1
 Summon Small Mammal      Summ           0%         N/A       95%         1
 Cigotuvi's Dreadful Rot  Necr/Alch/Air  0%         N/A       99%         2
 Ensorcelled Hibernation  Hex/Ice        0%         N/A       99%         2
 Call Canine Familiar     Summ           0%         N/A       100%        3
 Passwall                 Erth           0%         N/A       100%        3
 Stone Arrow              Conj/Erth      0%         3d7       100%        3
 Swiftness                Air            0%         N/A       100%        3
 Brom's Barrelling Bould  Conj/Erth      0%         2d3       100%        4
 Dispel Undead            Necr           0%         3d6       100%        4
 Martyr's Knell           Necr/Summ      0%         N/A       100%        4
 Summon Blazeheart Golem  Fire/Summ      0%         N/A       100%        4
 Alistair's Intoxication  Alch           0%         N/A       100%        5
 Borgnjor's Vile Clutch   Necr/Erth      0%         N/A       100%        5
 Death Channel            Necr           0%         N/A       100%        6
 Eringya's Noxious Bog    Alch           0%         4d6       100%        6


Dungeon Overview and Level Annotations

Branches:
Dungeon (12/15)            Temple (0/1) D:4            Lair (0/5) D:11
    Orc (0/2) D:10        Ossuary (visited)

Altars:
Ashenzari
Dithmenos
Fedhas
Gozag
Kikubaaqudgha
Qazlal
Ru
Sif Muna
Wu Jian
The Shining One

Shops:
D:1 :   D:3 [   D:4 ?

Annotations:
D:3 1 runed translucent door


Innate Abilities, Weirdness & Mutations

You can wield a second weapon in your off-hand.
It takes a long time for you to wield or remove held weapons.
Your first few attacks do less damage.
Your grasper-arms cannot wear rings.


Message History

The water nymph touches you. The water nymph drowns you!
* * * LOW HITPOINT WARNING * * *
You puncture the thrashing horror with your +3 trident of draining!
The thrashing horror is almost destroyed.
You closely miss the thrashing horror with your +5 war axe of draining.
You slash the water nymph with your +5 war axe of draining!
You drain the water nymph.
The water nymph changes into an orb spider!
The thrashing horror tramples you but does no damage.
The thrashing horror barely misses you. The thrashing horror tramples you!
* * * LOW HITPOINT WARNING * * *
You stumble backwards!
The thrashing horror barely misses you.
The thrashing horror completely misses you.
The orb spider spins a strand of pure energy.
You puncture the orb spider with your +3 trident of draining!
You drain the orb spider.
The orb spider is moderately wounded.
You hit the orb spider with your +5 war axe of draining.
You drain the orb spider.
You closely miss the thrashing horror with your +5 war axe of draining.
Your shadow hits the orb spider with a war axe!
Your shadow hits the thrashing horror but does no damage.
The thrashing horror churns violently!
The thrashing horror seems to grow stronger.
The orb spider weaves a glowing orb of energy.
The wavering orb of destruction weakly hits you!
* * * LOW HITPOINT WARNING * * *
You slice the orb spider with your +5 war axe of draining!!
You kill the orb spider!
Dithmenos accepts your kill.
You hit the thrashing horror but do no damage.
The thrashing horror misses you.
The thrashing horror tramples you but does no damage.
You see here a glowing shapeshifter corpse.
The thrashing horror closely misses you.
The thrashing horror tramples you but does no damage.
The thrashing horror tramples you!!
You die...

#.. ..#..
.#
##......# .
#.......#.
#. #.#.....
. #......#
#. #...#
...
#.###..# ..
#..†.##.# §
#.@....#
#..#X.###.#
#.#......##
...#..###.#
#.#..#.. .#
##.....# ..
. .##### .#
.## .


You could see a thrashing horror (strong).

Vanquished Creatures
  2 boulder beetles
  A death yak (D:11)
  A two-headed ogre (D:11)
  A glowing orange brain (Abyss:3)
  A thermic dynamo (D:12)
  An orb spider (shapeshifter) (Abyss:3)
  An ugly thing (D:12)
  3 cyclopes
  A smoke demon (Abyss:3)
  2 komodo dragons (D:11)
  Jeremiah (D:9)
  4 trolls
  Grinder (D:6)
  Sigmund (D:4)
  A shadow (D:10)
  2 wyverns
  2 fire bats (Abyss:3)
  27 yaks
  A warg (D:10)
  3 vampire mosquitoes (D:12)
  Menkaure (D:7)
  4 steam dragons
  An acid dragon (D:9)
  2 water moccasins
  Duvessa (D:5)
  An ice beast (D:8)
  A black bear (D:11)
  The ghost of Lysca the Magician, an amateur OnFE (D:3)
  2 sky beasts
  8 orc warriors
  10 centaurs
  A phantom (D:4)
  3 bullfrogs
  3 gnoll sergeants
  A water moccasin zombie (D:4)
  4 wights (D:7)
  Dowan (D:5)
  15 killer bees
  3 howler monkeys (D:11)
  A bullfrog zombie (D:4)
  A centaur zombie (D:4)
  A bombardier beetle (D:5)
  A jelly (D:5)
  2 hounds
  6 orc priests
  A bullfrog skeleton (D:4)
  An iguana (D:5)
  13 orc wizards
  2 sleepcaps (D:5)
  Ijyb (D:3)
  Natasha (thrice) (D:2)
  A hell rat (D:11)
  A hound zombie (D:4)
  8 mummies (Ossuary)
  19 gnolls
  6 adders
  A white imp (D:8)
  4 ufetubi
  2 adder skeletons (D:4)
  5 ribbon worms
  2 dart slugs
  28 orcs
  7 ball pythons
  5 endoplasms
  3 giant cockroaches
  2 gnoll zombies (Ossuary)
  7 goblins
  4 hobgoblins
  4 jackals (D:2)
  9 quokkas
  2 training dummies (D:5)
  4 bats
  5 frilled lizards
  A hobgoblin zombie (Ossuary)
  9 kobolds
  3 kobold zombies (Ossuary)
  2 orc zombies (Ossuary)
  4 rats
301 creatures vanquished.

Vanquished Creatures (collateral kills)
  An ettin simulacrum (D:12)
1 creature vanquished.

Vanquished Creatures (others)
  2 foxfires (D:3)
2 creatures vanquished.

Grand Total: 304 creatures vanquished

Notes
Turn   | Place    | Note
-------+----------+-------------------------------------------
     0 | D:1      | Sabo the Coglin Fighter began the quest for the Orb.
     0 | D:1      | Reached XP level 1. HP: 18/18 MP: 1/1
   167 | D:1      | Reached XP level 2. HP: 24/24 MP: 2/2
   271 | D:1      | Found Bejecakeps's Book Boutique.
   650 | D:1      | Reached XP level 3. HP: 29/29 MP: 3/3
   952 | D:2      | Reached XP level 4. HP: 22/37 MP: 4/4
  1104 | D:2      | Reached skill level 1 in Short Blades
  1111 | D:2      | Found a faded altar of an unknown god.
  1304 | D:2      | Noticed Natasha
  1309 | D:2      | Killed Natasha
  1399 | D:2      | Noticed Natasha
  1404 | D:2      | Killed Natasha
  1405 | D:2      | Reached XP level 5. HP: 41/42 MP: 5/5
  1910 | D:2      | Noticed Natasha
  1917 | D:2      | Killed Natasha
  1928 | D:3      | Found a runed translucent door.
  1930 | D:3      | Noticed Lysca's ghost (amateur OnFE)
  2238 | D:3      | Found a sacrificial altar of Ru.
  2357 | D:3      | Noticed Ijyb
  2364 | D:3      | Killed Ijyb
  2513 | D:3      | Found Kuwoung's Armour Shoppe.
  2519 | D:3      | Bought a +0 chain mail of fire resistance for 161 gold
                  | pieces
  2520 | D:3      | Found a runed translucent door.
  2568 | D:3      | Found a shadowy altar of Dithmenos.
  2600 | D:3      | Became a worshipper of Dithmenos the Shadowed
  2899 | D:3      | Killed Lysca's ghost
  2900 | D:3      | Reached skill level 3 in Axes
  2900 | D:3      | Reached XP level 6. HP: 45/49 MP: 6/6
  2975 | D:4      | Reached skill level 1 in Dodging
  2978 | D:4      | Found a staircase to the Ecumenical Temple.
  3018 | D:4      | Found a sand-covered staircase.
  3029 | Ossuary  | Entered an ossuary
  3045 | Ossuary  | Reached * piety under Dithmenos
  3046 | Ossuary  | Reached skill level 4 in Axes
  3048 | Ossuary  | Reached XP level 7. HP: 12/55 MP: 7/7
  3212 | Ossuary  | HP: 2/55 [mummy (4)]
  3706 | D:4      | Reached skill level 5 in Axes
  3722 | D:4      | Noticed Sigmund
  3730 | D:4      | Killed Sigmund
  3731 | D:4      | Reached skill level 5 in Fighting
  3806 | D:4      | Identified the +1 scale mail "Icoamiff" {+Inv Stlth+}
  3830 | D:4      | Reached XP level 8. HP: 56/62 MP: 8/8
  4308 | D:4      | Found an opulent altar of Gozag.
  4490 | D:4      | You fall into a shaft and drop 2 floors!
  4603 | D:5      | Entered Level 5 of the Dungeon
  4660 | D:5      | Noticed Duvessa
  4660 | D:5      | Noticed Dowan
  4664 | D:5      | Killed Dowan
  4670 | D:5      | Killed Duvessa
  4778 | D:5      | Reached skill level 6 in Axes
  4906 | D:4      | Found Neinyre's Magic Scroll Boutique.
  4911 | D:4      | Bought a scroll of identify for 26 gold pieces
  4911 | D:4      | Bought a scroll of identify for 26 gold pieces
  4911 | D:4      | Bought a scroll of identify for 26 gold pieces
  4911 | D:4      | Bought a scroll of identify for 26 gold pieces
  5113 | D:5      | Found an ancient bone altar of Kikubaaqudgha.
  5853 | D:6      | Found a broken altar of Ashenzari.
  5902 | D:6      | Noticed Grinder
  5904 | D:6      | Paralysed by Grinder for 4 turns
  5919 | D:6      | Paralysed by Grinder for 2 turns
  5924 | D:6      | Killed Grinder
  5924 | D:6      | Reached ** piety under Dithmenos
  5925 | D:6      | Reached skill level 7 in Axes
  6118 | D:6      | Reached XP level 9. HP: 19/69 MP: 9/9
  6501 | D:6      | Upgraded the game from 0.32-a0-473-gd044c6f0f0 to
                  | 0.32-a0-485-g70f7560b1c
  6537 | D:7      | Reached skill level 5 in Armour
  6740 | D:7      | Noticed Menkaure
  6745 | D:7      | Killed Menkaure
  6819 | D:7      | Reached skill level 8 in Axes
  7294 | D:7      | Found a glowing golden altar of the Shining One.
  7963 | D:8      | Reached skill level 9 in Axes
  8006 | D:8      | Reached XP level 10. HP: 64/77 MP: 7/10
  8250 | D:9      | Reached skill level 10 in Axes
  8451 | D:9      | Reached *** piety under Dithmenos
  8510 | D:9      | Noticed Jeremiah
  8536 | D:9      | Killed Jeremiah
  8937 | D:9      | Reached skill level 11 in Axes
  9242 | D:9      | Reached XP level 11. HP: 56/84 MP: 8/11
  9416 | D:9      | Reached **** piety under Dithmenos
  9619 | D:10     | Entered Level 10 of the Dungeon
 10069 | D:10     | Found a shimmering blue altar of Sif Muna.
 10071 | D:10     | Found a blossoming altar of Fedhas.
 10073 | D:10     | Found an ornate altar of the Wu Jian Council.
 10162 | D:10     | Reached skill level 5 in Short Blades
 10227 | D:10     | Found a stormy altar of Qazlal.
 10750 | D:10     | Found a staircase to the Orcish Mines.
 11013 | D:10     | Identified the amulet "Arykog" {Acrobat Harm Str+3}
 11018 | D:10     | Upgraded the game from 0.32-a0-485-g70f7560b1c to
                  | 0.32-a0-520-g344ed53f66
 11321 | D:11     | Noticed a two-headed ogre
 11327 | D:11     | Killed a two-headed ogre
 11328 | D:11     | Reached skill level 12 in Axes
 11440 | D:11     | Noticed a cyclops
 11448 | D:11     | Killed a cyclops
 11527 | D:11     | Reached skill level 1 in Polearms
 11870 | D:11     | Noticed a boulder beetle
 11889 | D:11     | Killed a boulder beetle
 12136 | D:11     | Noticed a death yak
 12152 | D:11     | Killed a death yak
 12153 | D:11     | Reached XP level 12. HP: 22/94 MP: 5/12
 12401 | D:11     | Found a staircase to the Lair.
 12682 | D:12     | Noticed a boulder beetle
 12699 | D:12     | Killed a boulder beetle
 13035 | D:12     | Noticed an occultist
 13036 | D:12     | HP: 1/95 [ettin simulacrum (30)]
 13056 | D:12     | Reached skill level 13 in Axes
 13300 | D:12     | Reached ***** piety under Dithmenos
 13350 | Abyss:3  | Cast into level 3 of the Abyss (an occultist)
 13503 | Abyss:3  | Noticed a thrashing horror
 13529 | Abyss:3  | HP: 1/96 [disintegration (16)]
 13533 | Abyss:3  | Demolished by a thrashing horror

Illustrated notes

Levels and vault maps discovered:
D:1:      lemuel_arrival_behind_the_door_large, layout_basic, serial_shops, shop
D:2:      layout_loops_corners, dreamdust_ecumenical_altar_hidden_monk_grotto,
          uniq_natasha
D:3:      layout_basic, mainiacjoe_overflow_catwalk, amcnicky_altar_gilded,
          ebering_ghost_sewer_f, serial_shops, shop, kennysheep_minor_cross,
          uniq_ijyb
D:4:      layout_basic, mainiacjoe_overflow_alcove_1,
          minmay_temple_entry_large_hall, cheibrodos_sewer_entry_bend,
          serial_undead, serial_undead_f, serial_undead_c, serial_undead_d,
          serial_undead_f, serial_shops, shop, nicolae_ossuary_entry_ruins,
          corexii_checkpoint, uniq_sigmund
D:5:      dreamdust_elfheim, layout_basic, kiku_gazebo_garden_becter
D:6:      layout_gridville, cheibrodos_ashenzari_chains, uniq_grinder
D:7:      nicolae_BIG_FREAKIN_CUBE, layout_loops_ring,
          nicolae_tso_swordbearing_angel, hex_tiny, uniq_menkaure
D:8:      layout_rooms
D:9:      layout_loops_cross, serial_library_regret_index_split_case,
          nicolae_nh_ransacked_shop, uniq_jeremiah
D:10:     layout_long_grid, lemuel_round_altar,
          gammafunk_temple_overflow_forgotten, david_orc_1_choice
D:11:     layout_small_grid, dpeg_lair_monsters
D:12:     hangedman_elemental_death_ray, layout_gridville
Abyss:3:  base: D:4, evilmike_nicolae_abyss_rune_betentacled_crabyss,
          nicolae_abyss_rune_star_stuff, hangedman_decor_peaks_small,
          nicolae_abyss_rune_star_stuff, hangedman_decor_peaks_small,
          guppyfry_abyss_exit_imp_island

Skill      XL: |  1  2  3  4  5  6  7  8  9 10 11 12 |
---------------+-------------------------------------+-----
Armour         | 3 4 6 7 8 |  8.9
Short Blades   | 1 2 3 4 5 |  5.5
Fighting       | 4 5 6 7 8 9 |  9.6
Axes           | 3 4 5 7 9 11 12 13 | 13.1
Dodging        | 1 2 3 |  3.4
Polearms       | 2 4 |  4.5
Stealth        | |  0.6
Shields        | |  2.4

Action                     |  1- 3 |  4- 6 |  7- 9 | 10-12 || total
---------------------------+-------+-------+-------+-------++-------
  Melee: War axe           |    46 |   104 |   230 |   369 ||   749
         Dagger            |     7 |    43 |   211 |   207 ||   468
         Short sword       |    34 |    47 |       |       ||    81
         Spear             |       |     9 |       |       ||     9
         Trident           |       |       |       |   137 ||   137
    Use: Scroll            |       |     5 |    17 |    14 ||    36
         Potion            |       |     1 |     1 |     6 ||     8
 Armour: Scale mail        |    16 |       |       |       ||    16
         Chain mail        |    32 |    97 |   208 |   366 ||   703
  Dodge: Dodged            |    22 |    52 |   110 |   249 ||   433

Table legend: (Time is in decaauts)
 A = Elapsed time spent in this place.
 B = Non-inter-level travel time spent in this place.
 C = Inter-level travel time spent in this place.
 D = Time resting spent in this place.
 E = Time spent auto-exploring this place.
 F = Levels seen in this place.
 G = Mean time per level.
                   A        B        C        D        E       F      G
               +--------+--------+--------+--------+--------+-----+--------+
         Total |  13542 |  13542 |      0 |   3438 |      0 |  14 |  967.3 |
       Dungeon |  12823 |  12823 |      0 |   3106 |      0 |  12 | 1068.6 |
         Abyss |    180 |    180 |      0 |      4 |      0 |   1 |  180.0 |
       Ossuary |    538 |    538 |      0 |    328 |      0 |   1 |  538.0 |
               +--------+--------+--------+--------+--------+-----+--------+

Top non-repeatable levels by time:
    D:10: 1580 daAuts
     D:9: 1482 daAuts
    D:11: 1243 daAuts
     D:2: 1216 daAuts
     D:4: 1156 daAuts
     D:3: 1053 daAuts
     D:7: 1047 daAuts
     D:6: 1007 daAuts
    D:12: 874 daAuts
     D:5: 864 daAuts
     D:1: 732 daAuts
     D:8: 564 daAuts
 Ossuary: 538 daAuts
 Abyss:3: 180 daAuts
